 Dungeon Crawl Stone Soup version 0.27-a0-684-g359e429f13 (webtiles) character file.

Game seed: 6578534726101662497

5 PentaManta the Skirmisher (level 1, 8/15 HPs)
             Began as a Halfling Abyssal Knight on Mar 20, 2021.
             Was a Follower of Lugonu.
             Got out of the dungeon alive.
             The game lasted 00:01:10 (245 turns).

PentaManta the Skirmisher (Halfling Abyssal Knight)  Turns: 245, Time: 00:01:10

Health: 8/15       AC:  3    Str: 13    XL:     1   Next: 88%
Magic:  2/2        EV: 13    Int: 10    God:    Lugonu [*.....]
Gold:   0          SH:  0    Dex: 13    Spells: 0/0 levels left

rFire    . . .     SeeInvis .   a - +1 hand axe
rCold    . . .     Faith    .   (shield restricted)
rNeg     . . .     Spirit   .   b - +0 leather armour
rPois    .         Reflect  .   (no helmet)
rElec    .         Harm     .   (no cloak)
rCorr    .         Rampage  .   (no gloves)
Will     .....                  (no boots)
Stlth    +.........             (no amulet)
HPRegen  0.05/turn              (no ring)
MPRegen  0.08/turn              (no ring)

@: no status effects
A: small, no large weapons, mutation resistance 1
a: Renounce Religion, Depart the Abyss


You escaped.
You worshipped Lugonu.
Lugonu was aware of your devotion.
You visited 1 branch of the dungeon, and saw 1 of its levels.
You visited the Abyss 1 time.

Inventory:

Hand Weapons
 a - a +1 hand axe (weapon)
Missiles
 e - 9 sling bullets
Armour
 b - a +0 leather armour (worn)
Scrolls
 c - a scroll of random uselessness {unknown}
 d - a scroll of identify {unknown}
 f - a scroll of enchant armour {unknown}


   Skills:
 - Level 2.6 Fighting
 + Level 2.5 Axes
 - Level 2.1 Armour
 - Level 1.1 Dodging
 - Level 2.0 Invocations


You couldn't memorise any spells.
You didn't know any spells.
Your spell library was empty.

Dungeon Overview and Level Annotations

Branches:
Dungeon (1/15)

Altars:


Innate Abilities, Weirdness & Mutations

You are small and have problems with some larger weapons.
You are somewhat resistant to further mutation.


Message History

The kobold barely misses you.
You closely miss the kobold.
The kobold is severely wounded.
The kobold hits you with a +0 club. x2
You are too injured to fight recklessly!
You are too injured to fight recklessly!
You are too injured to fight recklessly!
You are too injured to fight recklessly!
You are too injured to fight recklessly!
You hit the kobold.
You kill the kobold!
Lugonu accepts your kill.
You see here a +0 club.
Found a stone staircase leading down.
Found a stone staircase leading down.
f - a scroll labelled FEROX USEPUA A rat comes into view.
A frilled lizard comes into view.
There is a stone staircase leading down here.
The frilled lizard hisses angrily.
The rat completely misses you.
You hit the rat.
The rat is moderately wounded.
The rat bites you.
You hit the rat.
You kill the rat!
Lugonu accepts your kill.
You can now depart the Abyss.
The frilled lizard barely misses you.
You completely miss the frilled lizard. The frilled lizard bites you.
You slash the frilled lizard!
You kill the frilled lizard!
Lugonu accepts your kill.
There is a stone staircase leading down here.
Things that are here:
a +0 club; a hobgoblin corpse
There is a staircase leading out of the dungeon here.
Are you sure you want to leave the Dungeon?
This will make you lose the game!
Alright, then stay!
Are you sure you want to leave the Dungeon?
This will make you lose the game!
You have escaped!

#### ###.@#
#####...###
#####.........#
#####............##
................##
.........#....###
..........#####
....#..####
...#####


There were no monsters in sight!

Vanquished Creatures
  A goblin (D:1)
  A hobgoblin (D:1)
  A bat (D:1)
  A frilled lizard (D:1)
  A kobold (D:1)
  A rat (D:1)
6 creatures vanquished.

Notes
Turn   | Place    | Note
-------+----------+-------------------------------------------
     0 | Abyss:1  | PentaManta the Halfling Abyssal Knight began the quest for
                  | the Orb.
     0 | Abyss:1  | Reached XP level 1. HP: 15/15 MP: 2/2
    36 | Abyss:1  | Noticed a small abomination
    46 | Abyss:1  | Noticed a hog
    46 | Abyss:1  | a shapeshifter changed into a hog
    48 | D:1      | Escaped the Abyss
   174 | D:1      | Reached * piety under Lugonu
   245 | D:$      | Got out of the dungeon alive.

Illustrated notes

Levels and vault maps discovered:
D:1:      eino_arrival_cavern_e, layout_rooms, serial_aquarium,
          aquarium_bridge_square [aquarium_subvault_wall,
          aquarium_subvault_window, aquarium_subvault_bridge,
          aquarium_subvault_balcony], aquarium_bridge_straight
          [aquarium_subvault_bridge, aquarium_subvault_wall,
          aquarium_subvault_bridge, aquarium_subvault_wall], aquarium_window_2,
          aquarium_window_2, aquarium_window_corridor_3, aquarium_window_fake,
          aquarium_view_2b, aquarium_balcony_5b

Action                   || total
-------------------------++-------
Melee: Hand axe          ||    19
Invok: Depart the Abyss  ||     1
Armor: Leather armour    ||     5
Dodge: Dodged            ||    14

Table legend: (Time is in decaauts)
 A = Elapsed time spent in this place.
 B = Non-inter-level travel time spent in this place.
 C = Inter-level travel time spent in this place.
 D = Time resting spent in this place.
 E = Time spent auto-exploring this place.
 F = Levels seen in this place.
 G = Mean time per level.
                   A        B        C        D        E       F      G
               +--------+--------+--------+--------+--------+-----+--------+
         Total |    248 |    190 |     58 |      0 |    110 |   2 |  124.0 |
       Dungeon |    200 |    142 |     58 |      0 |     74 |   1 |  200.0 |
         Abyss |     48 |     48 |      0 |      0 |     36 |   1 |   48.0 |
               +--------+--------+--------+--------+--------+-----+--------+

Top non-repeatable levels by time:
     D:1: 200 daAuts
 Abyss:1: 48 daAuts
